 Dungeon Crawl Stone Soup version 0.29-a0-409-gd843f3a48c (webtiles) character file.

Game seed: 16044251785311779710

60 Hubjo the Firebug (level 3, 0/21 HPs)
             Began as a Deep Elf Fire Elementalist on May 13, 2022.
             Slain by Sigmund
             ... wielding a +0 scythe
              (10 damage)
             ... on level 3 of the Dungeon.
             The game lasted 00:02:11 (2599 turns).

Hubjo the Firebug (Deep Elf Fire Elementalist)      Turns: 2599, Time: 00:02:11

Health: 0/21       AC:  6    Str:  7    XL:     3   Next: 80%
Magic:  7/10       EV: 12    Int: 21    God:
Gold:   78         SH:  0    Dex: 15    Spells: 8/9 levels left

rFire   . . .      SeeInvis .   j - +3 spear "Ipsieskum" {flame, Fly rElec Str+2}
rCold   . . .      Faith    .   (no shield)
rNeg    . . .      Spirit   .   a - +0 robe
rPois   .          Reflect  .   (no helmet)
rElec   +          Harm     .   (no cloak)
rCorr   .          Rampage  .   (no gloves)
Will    .....                   (no boots)
Stlth   ++........              (no amulet)
HPRegen 0.07/turn               k - +4 ring of protection
MPRegen 0.12/turn               (no ring)

@: flying
A: no striking features
a: no special abilities


You were on level 3 of the Dungeon.
You visited 1 branch of the dungeon, and saw 3 of its levels.

You collected 78 gold pieces.

Inventory:

Hand Weapons
 d - a +2 dagger of speed
 j - the +3 spear "Ipsieskum" (weapon) {flame, Fly rElec Str+2}
   (You found it on level 2 of the Dungeon)

   It burns those it strikes, dealing additional fire damage.
   Str:       It affects your strength (+2).
   rElec:     It insulates you from electricity.
   Fly:       It grants you flight.
Armour
 a - a +0 robe (worn)
Jewellery
 k - a +4 ring of protection (left hand)
Scrolls
 c - 2 scrolls of silence
 e - 2 scrolls of identify {unknown}
 f - a scroll of amnesia {unknown}
 g - a scroll of magic mapping {unknown}
 i - a scroll of blinking {unknown}
 m - a scroll of teleportation {unknown}
Potions
 b - 2 potions of magic
 h - 2 potions of curing {unknown}
 l - a potion of ambrosia {unknown}
 n - a potion of lignification {unknown}
 o - a potion of degeneration {unknown}


   Skills:
 * Level 1.6 Fighting
 - Level 2.4 Dodging
 + Level 3.2 Stealth
 + Level 3.6 Spellcasting
 - Level 1.1 Conjurations
 + Level 3.8 Fire Magic


You had 8 spell levels left.
You knew the following spells:

 Your Spells              Type           Power      Damage    Failure   Level
a - Foxfire               Conj/Fire      56%        2x1d6     4%          1

Your spell library contained the following spells:

 Spells                   Type           Power      Damage    Failure   Level
 Scorch                   Fire           38%        2d7       4%          2
 Conjure Flame            Conj/Fire      14%        6-21      14%         3
 Inner Flame              Hex/Fire       11%        N/A       17%         3
 Flame Wave               Conj/Fire      14%        2d6       41%         4


Dungeon Overview and Level Annotations

Branches:
Dungeon (3/15)

Altars:

Shops:
D:1 (

Annotations:
D:3 Sigmund


Message History

The foxfire hits the adder but does no damage.
The adder is moderately wounded.
The foxfire hits the adder.
The adder is heavily wounded.
The adder bites you.
You conjure some foxfire!
The adder bites you but does no damage.
You conjure some foxfire!
The foxfire hits the adder.
You kill the adder!
You conjure some foxfire!
Your foxfire dissipates!
Your foxfire dissipates! x3
You hear the rusting of a drain very nearby.
You now have 78 gold pieces (gained 4).
You hear the rusting of a drain nearby.
There is a shaft here.
Sigmund the Dreaded comes into view.
He is wielding a +0 scythe.
Sigmund is nearby!
Sigmund is nearby!
Sigmund is nearby!
You conjure some foxfire!
The foxfire hits Sigmund.
Sigmund is moderately wounded.
Sigmund shouts!
You conjure some foxfire!
Sigmund gestures at you while chanting. The magic dart hits you!
You conjure some foxfire!
The foxfire hits Sigmund.
Sigmund is heavily wounded.
The foxfire hits Sigmund.
Sigmund is severely wounded.
Sigmund says, "You will soon forget everything."
Sigmund barely misses you.
You conjure some foxfire!
The foxfire hits Sigmund but does no damage.
Sigmund is severely wounded.
Sigmund hits you from afar with a +0 scythe.
You are too injured to fight recklessly!
Sigmund hits you from afar with a +0 scythe!
You die...

#..#
########..#
..........#
#########.#
#.#######
#...^.§§#
#######v#
#§# #@#
#..@..#
#####.#


You could see Sigmund.

Vanquished Creatures
  2 adders
  A dart slug (D:1)
  3 ball pythons
  4 endoplasms
  2 giant cockroaches
  4 goblins
  7 hobgoblins
  3 jackals (D:1)
  A quokka (D:1)
  2 bats
  A frilled lizard (D:1)
  A kobold (D:1)
  5 rats
36 creatures vanquished.

Vanquished Creatures (collateral kills)
  6 foxfires (D:1)
6 creatures vanquished.

Vanquished Creatures (others)
  174 foxfires
174 creatures vanquished.

Grand Total: 216 creatures vanquished

Notes
Turn   | Place    | Note
-------+----------+-------------------------------------------
     0 | D:1      | Hubjo the Deep Elf Fire Elementalist began the quest for
                  | the Orb.
     0 | D:1      | Reached XP level 1. HP: 10/10 MP: 6/6
   402 | D:1      | Reached XP level 2. HP: 11/16 MP: 2/8
   656 | D:1      | Found Dyhyump's Antique Weapon Shoppe.
   700 | D:1      | Reached skill level 1 in Fighting
  1207 | D:1      | Reached XP level 3. HP: 20/20 MP: 5/9
  1547 | D:2      | Identified the +3 spear "Ipsieskum" {flame, Fly rElec
                  | Str+2}
  2591 | D:3      | Noticed Sigmund
  2599 | D:3      | Slain by Sigmund

Illustrated notes

Levels and vault maps discovered:
D:1:      minmay_arrival_shattered_statue, layout_basic, serial_shops,
          nicolae_shop_overgrown_old_shop
D:2:      layout_basic, minivault_14
D:3:      layout_basic, portal_sewer_entry_f,
          hellmonk_ecumenical_altar_lost_god, gammafunk_ghost_smash,
          uniq_sigmund

Skill      XL: |  1  2  3 |
---------------+----------+-----
Fighting       | 1 |  1.6
Stealth        | 3 |  3.2
Dodging        | |  2.4
Spellcasting   | |  3.6
Conjurations   | |  1.1
Fire Magic     | |  3.8

Action                   || total
-------------------------++-------
Melee: Unarmed           ||     1
       Dagger            ||    13
       Punch             ||     1
 Cast: Foxfire           ||   113
  Use: Scroll            ||     1
Armor: Robe              ||     8
Dodge: Dodged            ||    18

Table legend: (Time is in decaauts)
 A = Elapsed time spent in this place.
 B = Non-inter-level travel time spent in this place.
 C = Inter-level travel time spent in this place.
 D = Time resting spent in this place.
 E = Time spent auto-exploring this place.
 F = Levels seen in this place.
 G = Mean time per level.
                   A        B        C        D        E       F      G
               +--------+--------+--------+--------+--------+-----+--------+
         Total |   2592 |   2545 |     47 |      0 |   2309 |   3 |  864.0 |
       Dungeon |   2592 |   2545 |     47 |      0 |   2309 |   3 |  864.0 |
               +--------+--------+--------+--------+--------+-----+--------+

Top non-repeatable levels by time:
     D:1: 1379 daAuts
     D:2: 988 daAuts
     D:3: 224 daAuts
